 Dungeon Crawl Stone Soup version 0.28-a0-863-g8cecda6153 (webtiles) character file.

Game seed: 6898872166932025362

5622 Ijustatesigmund the Blocker (level 10, -1/82 HPs)
             Began as a Gnoll Fighter on Nov 20, 2021.
             Shot with an arrow by a centaur warrior (4 damage)
             ... on level 8 of the Dungeon.
             The game lasted 00:23:04 (9200 turns).

Ijustatesigmund the Blocker (Gnoll Fighter)         Turns: 9200, Time: 00:23:06

Health: -1/82      AC: 19    Str: 16    XL:     10   Next: 73%
Magic:  18/18      EV:  8    Int: 13    God:
Gold:   348        SH: 12    Dex: 16    Spells: 20/20 levels left

rFire   + . .      SeeInvis .   a - +1 war axe
rCold   + . .      Faith    .   c - +1 kite shield
rNeg    . . .      Spirit   .   b - +0 chain mail
rPois   +          Reflect  .   (no helmet)
rElec   +          Harm     .   g - +0 cloak "Kiric" {Dex+5}
rCorr   +          Rampage  .   l - +2 pair of gloves
Will    .....      Clarity  +   i - +2 pair of boots {Fly}
Stlth   ..........              f - amulet of magic regeneration
HPRegen 0.23/turn               B - ring of wizardry
MPRegen 0.41/turn               v - ring of resist corrosion

@: resistant, flying
A: fangs 1, strong nose, distributed training, clarity, clever 1
a: no special abilities


You were on level 8 of the Dungeon.
You visited 2 branches of the dungeon, and saw 10 of its levels.

You collected 1086 gold pieces.
You spent 738 gold pieces at shops.

Inventory:

Hand Weapons
 a - a +1 war axe (weapon)
 o - a +1 hand axe of flaming
 x - a +4 trident
Missiles
 h - 38 poisoned darts (quivered)
 q - 5 javelins
Armour
 b - a +0 chain mail (worn)
 c - a +1 kite shield (worn)
 e - a +2 helmet
 g - the +0 cloak "Kiric" (worn) {Dex+5}
   (You acquired it on level 2 of the Dungeon)

   Dex:       It affects your dexterity (+5).
 i - a +2 pair of boots of flying (worn)
 l - a +2 pair of gloves (worn)
Jewellery
 f - an amulet of magic regeneration (around neck)
 t - a ring of wizardry
 v - a ring of resist corrosion (right hand)
 A - a ring of magical power
 B - a ring of wizardry (left hand)
Wands
 d - a wand of polymorph (3)
 s - a wand of iceblast (1)
 z - a wand of flame (11)
 E - a wand of mindburst (10)
Scrolls
 n - 5 scrolls of identify
 p - a scroll of enchant armour
 y - a scroll of amnesia
Potions
 k - 3 potions of flight
 m - a potion of brilliance
 r - a potion of mutation


   Skills:
 + Level 8.7 Fighting
 + Level 5.5 Short Blades
 + Level 5.5 Long Blades
 + Level 7.3 Axes
 + Level 5.5 Maces & Flails
 + Level 5.5 Polearms
 + Level 5.5 Staves
 + Level 5.5 Slings
 + Level 5.5 Bows
 + Level 5.5 Crossbows
 + Level 5.5 Throwing
 + Level 8.7 Armour
 + Level 5.5 Dodging
 + Level 5.5 Stealth
 + Level 8.7 Shields
 + Level 5.5 Unarmed Combat
 + Level 5.5 Spellcasting
 + Level 4.6 Conjurations
 + Level 4.6 Hexes
 + Level 4.6 Summonings
 + Level 4.6 Necromancy
 + Level 4.6 Translocations
 + Level 4.6 Transmutations
 + Level 4.6 Fire Magic
 + Level 4.6 Ice Magic
 + Level 4.6 Air Magic
 + Level 4.6 Earth Magic
 + Level 4.6 Poison Magic
 + Level 6.1 Invocations
 + Level 5.5 Evocations


You had 20 spell levels left.
You didn't know any spells.
Your spell library contained the following spells:

 Spells                   Type           Power      Damage    Failure   Level
 Foxfire                  Conj/Fire      60%        2x1d7     28%         1
 Blink                    Tloc           30%        N/A       38%         2
 Conjure Flame            Conj/Fire      15%        6-21      61%         3
 Dazzling Flash           Conj/Hex       30%        N/A       61%         3
 Gell's Gravitas          Tloc           15%        N/A       61%         3
 Inner Flame              Hex/Fire       15%        N/A       61%         3
 Lesser Beckoning         Tloc           15%        N/A       61%         3
 Teleport Other           Tloc           15%        N/A       61%         3
 Flame Wave               Conj/Fire      15%        3d5       94%         4
 Agony                    Necr           15%        N/A       100%        5
 Manifold Assault         Tloc           15%        N/A       100%        5
 Silence                  Hex/Air        7%         N/A       100%        5
 Dispersal                Tloc           7%         N/A       100%        6
 Storm Form               Tmut/Air       7%         N/A       100%        7


Dungeon Overview and Level Annotations

Branches:
Dungeon (9/15)             Temple (1/1) D:4
   Lair: D:8-11         Orc: D:9-12

Altars:
Ashenzari
Dithmenos
Elyvilon
Gozag
Hepliaklqana
Kikubaaqudgha
Makhleb
Nemelex Xobeh
Okawaru
Ru
Sif Muna
Trog
Uskayaw
Vehumet
Wu Jian
Xom
Yredelemnul
The Shining One

Shops:
D:2 [:[[*


Innate Abilities, Weirdness & Mutations

You have very sharp teeth.
Your uncanny sense of smell can sniff out nearby items.
Your experience applies equally to all skills.
You possess an exceptional clarity of mind.
Your mind is acute. (Int +2)


Message History

The bolt of acid hits the cyan ugly thing!
The cyan ugly thing is heavily wounded.
The bolt of acid hits the centaur warrior!
The acid corrodes the centaur warrior!
The centaur warrior is heavily wounded.
The bolt of acid hits the centaur warrior!!
The centaur warrior seems to be corroded for longer.
The centaur warrior is severely wounded.
The now-empty wand crumbles to dust.
The cyan ugly thing headbutts you but does no damage.
You don't have any such object.
Evoke which item? (* to show all) (? for menu, Esc to quit)
Okay, then.
Aiming: Mindburst
Press: ? - help, Shift-Dir - straight line, f/p - centaur warrior
Aim: a centaur warrior, quivering arrows (severely wounded, covered in acid, chance to affect: 71%)
The cyan ugly thing's mind is blasted!!
You block the cyan ugly thing's attack.
Aiming: Mindburst
Press: ? - help, Shift-Dir - straight line, f - centaur warrior
Aim: a centaur warrior, quivering arrows (heavily wounded, covered in acid, chance to affect: 71%)
The cyan ugly thing's mind is blasted!
You hear a shout!
You block the cyan ugly thing's attack.
Aiming: Mindburst
Press: ? - help, Shift-Dir - straight line, f/p - centaur warrior
Aim: a centaur warrior, quivering arrows (heavily wounded, covered in acid, chance to affect: 71%)
The cyan ugly thing's mind is blasted!!
You blow up the cyan ugly thing!
The centaur warrior wields a +0 shortbow.
The centaur warrior shoots an arrow.
The arrow barely misses you.
Okay, then.
Sorry, you're not good enough to have a special ability.
Okay, then.
Aiming: Mindburst
Press: ? - help, Shift-Dir - straight line, f/p - centaur warrior
Aim: a centaur warrior, wielding a +0 shortbow and quivering arrows (heavily wounded, covered in acid, chance to affect: 71%)
The basilisk's mind is blasted!!
You blow up the basilisk!
The centaur warrior shoots an arrow.
The arrow hits you.
You die...

.##.#
#.##.....##
..#.##
##.#..##..#
..##.#
#.##.###.###
#..#.##
##.#..##...#
..##.####
#.##....#.##
##...#
######.....#
#.........
..###...##
#c#######.
#..###†..
#l#.@)..#
#..###.
#.#.###.#
#..##
##.c.#∆
#.#.) #..#.#
#..##
#...#...
#..###.
#...#####
∆#..###...
#..#..
.###...##
######
###...####
##.........


You could see a centaur warrior (corroded).

Vanquished Creatures
  A two-headed ogre (D:8)
  Pikel (D:5)
  An ugly thing (D:8)
  A cyclops (D:8)
  A kobold demonologist (D:8)
  Grinder (D:3)
  Prince Ribbit (D:7)
  3 wyverns
  A basilisk (D:8)
  2 water moccasins (D:8)
  A hornet zombie (D:7)
  A black bear (D:8)
  A necrophage (D:6)
  An ogre (D:4)
  A centaur (D:8)
  A kobold brigand (D:9)
  3 bullfrogs
  4 scorpions (D:5)
  9 killer bees (D:8)
  10 wights
  2 jellies
  2 hounds
  2 centaur skeletons
  A bullfrog skeleton (D:5)
  An orc priest (D:6)
  A bullfrog zombie (D:6)
  Jessica (D:2)
  2 iguanas (D:5)
  Ijyb (D:3)
  A scorpion zombie (D:5)
  7 orc wizards
  A killer bee zombie (D:8)
  3 gnolls (D:8)
  5 adders
  A shadow imp (D:5)
  A white imp (D:6)
  An adder skeleton (D:4)
  3 worms
  6 dart slugs
  21 orcs
  11 endoplasms
  5 giant cockroaches
  7 goblins
  5 hobgoblins
  A jackal (D:2)
  12 kobolds
  3 quokkas
  9 ball pythons
  7 bats
  10 frilled lizards
  6 rats
  A spectral hobgoblin (D:1)
185 creatures vanquished.

Vanquished Creatures (others)
  2 plants (D:2)
2 creatures vanquished.

Grand Total: 187 creatures vanquished

Notes
Turn   | Place    | Note
-------+----------+-------------------------------------------
     0 | D:1      | Ijustatesigmund the Gnoll Fighter began the quest for the
                  | Orb.
     0 | D:1      | Reached XP level 1. HP: 23/23 MP: 1/1
   125 | D:1      | Found a faded altar of an unknown god.
   301 | D:1      | Reached XP level 2. HP: 28/29 MP: 2/2
   565 | D:1      | Reached XP level 3. HP: 28/35 MP: 3/3
   994 | D:2      | Found Dedy's Book Shoppe.
  1013 | D:2      | Found Lapaitaf's Armour Emporium.
  1021 | D:2      | Found Jukhit's Armour Emporium.
  1155 | D:2      | Reached skill level 1 in Invocations
  1163 | D:2      | Found Dyxtiamn's Assorted Antiques.
  1228 | D:2      | Noticed Jessica
  1243 | D:2      | Killed Jessica
  1244 | D:2      | Reached skill level 1 in Short Blades
  1244 | D:2      | Reached skill level 1 in Long Blades
  1244 | D:2      | Reached skill level 1 in Maces & Flails
  1244 | D:2      | Reached skill level 1 in Polearms
  1244 | D:2      | Reached skill level 1 in Staves
  1244 | D:2      | Reached skill level 1 in Slings
  1244 | D:2      | Reached skill level 1 in Bows
  1244 | D:2      | Reached skill level 1 in Crossbows
  1244 | D:2      | Reached skill level 1 in Throwing
  1244 | D:2      | Reached skill level 1 in Dodging
  1244 | D:2      | Reached skill level 1 in Stealth
  1244 | D:2      | Reached skill level 1 in Unarmed Combat
  1244 | D:2      | Reached skill level 1 in Spellcasting
  1244 | D:2      | Reached skill level 1 in Evocations
  1244 | D:2      | Reached XP level 4. HP: 31/41 MP: 5/5
  1621 | D:2      | Found Dopoil's Armour Emporium.
  1803 | D:2      | Reached skill level 1 in Conjurations
  1803 | D:2      | Reached skill level 1 in Hexes
  1803 | D:2      | Reached skill level 1 in Summonings
  1803 | D:2      | Reached skill level 1 in Necromancy
  1803 | D:2      | Reached skill level 1 in Translocations
  1803 | D:2      | Reached skill level 1 in Transmutations
  1803 | D:2      | Reached skill level 1 in Fire Magic
  1803 | D:2      | Reached skill level 1 in Ice Magic
  1803 | D:2      | Reached skill level 1 in Air Magic
  1803 | D:2      | Reached skill level 1 in Earth Magic
  1803 | D:2      | Reached skill level 1 in Poison Magic
  2001 | D:2      | Identified 2 scrolls of acquirement
  2001 | D:2      | Acquired 754 gold pieces
  2042 | D:2      | Bought an inky potion for 24 gold pieces
  2042 | D:2      | Bought a scroll labelled YZOSIT COZO for 27 gold pieces
  2042 | D:2      | Bought a scroll labelled XUJISSOMPE for 27 gold pieces
  2042 | D:2      | Bought a scroll labelled PIUMOYSOCK for 27 gold pieces
  2042 | D:2      | Bought a glowing coral ring for 135 gold pieces
  2042 | D:2      | Bought a scroll of teleportation for 81 gold pieces
  2056 | D:2      | Acquired the +0 cloak "Kiric" {Dex+5}
  2093 | D:2      | Bought a +2 pair of boots of flying for 236 gold pieces
  2093 | D:2      | Bought a +2 pair of gloves for 181 gold pieces
  2293 | D:3      | Reached XP level 5. HP: 47/47 MP: 6/6
  2398 | D:3      | Noticed Grinder
  2403 | D:3      | Paralysed by Grinder for 6 turns
  2418 | D:3      | Gained mutation: You possess an exceptional clarity of
                  | mind. [potion of mutation]
  2418 | D:3      | Gained mutation: Your mind is acute. (Int +2) [potion of
                  | mutation]
  2639 | D:3      | Noticed Ijyb
  2689 | D:3      | Killed Ijyb
  2739 | D:3      | Paralysed by Grinder for 6 turns
  2754 | D:3      | Killed Grinder
  2755 | D:3      | Reached skill level 5 in Axes
  2755 | D:3      | Reached XP level 6. HP: 21/53 MP: 7/9
  2999 | D:3      | Found a glowing golden altar of the Shining One.
  3630 | D:4      | Reached XP level 7. HP: 59/59 MP: 10/10
  3807 | D:4      | Found an iron altar of Okawaru.
  4059 | D:4      | Found a staircase to the Ecumenical Temple.
  4071 | Temple   | Entered the Ecumenical Temple
  4485 | D:5      | Entered Level 5 of the Dungeon
  4557 | D:5      | Noticed Pikel
  4577 | D:5      | Killed Pikel
  4578 | D:5      | Reached XP level 8. HP: 58/67 MP: 12/12
  4919 | D:5      | Noticed a wyvern
  4942 | D:5      | Killed a wyvern
  6231 | D:6      | Reached XP level 9. HP: 72/72 MP: 14/14
  6232 | D:6      | Found a radiant altar of Vehumet.
  6354 | D:6      | Found a hide-covered altar of Uskayaw.
  6747 | D:6      | Found an ornate altar of the Wu Jian Council.
  6822 | D:6      | Found a basalt altar of Yredelemnul.
  6852 | D:6      | Found an opulent altar of Gozag.
  7063 | D:6      | Found an ancient bone altar of Kikubaaqudgha.
  7562 | D:7      | Noticed Prince Ribbit
  7584 | D:7      | Killed Prince Ribbit
  7768 | D:7      | You are sucked into a shaft and drop 2 floors!
  7793 | D:8      | Reached skill level 5 in Invocations
  8287 | D:8      | Reached XP level 10. HP: 32/80 MP: 17/17
  8587 | D:8      | Reached skill level 5 in Short Blades
  8587 | D:8      | Reached skill level 5 in Long Blades
  8587 | D:8      | Reached skill level 5 in Maces & Flails
  8587 | D:8      | Reached skill level 5 in Polearms
  8587 | D:8      | Reached skill level 5 in Staves
  8587 | D:8      | Reached skill level 5 in Slings
  8587 | D:8      | Reached skill level 5 in Bows
  8587 | D:8      | Reached skill level 5 in Crossbows
  8587 | D:8      | Reached skill level 5 in Throwing
  8587 | D:8      | Reached skill level 5 in Dodging
  8587 | D:8      | Reached skill level 5 in Stealth
  8587 | D:8      | Reached skill level 5 in Unarmed Combat
  8587 | D:8      | Reached skill level 5 in Spellcasting
  8587 | D:8      | Reached skill level 5 in Evocations
  8953 | D:8      | Noticed a two-headed ogre
  8969 | D:8      | Killed a two-headed ogre
  9151 | D:8      | Noticed a centaur warrior
  9151 | D:8      | Noticed a cyan ugly thing
  9151 | D:8      | Noticed a centaur warrior
  9176 | D:8      | Noticed a cyclops
  9179 | D:8      | Noticed a kobold demonologist
  9180 | D:8      | Noticed an orange demon
  9191 | D:8      | Killed a cyclops
  9192 | D:8      | HP: 3/82 [cyan ugly thing (5)]
  9193 | D:8      | HP: 1/82 [kobold demonologist (2)]
  9194 | D:8      | Killed a kobold demonologist
  9199 | D:8      | Killed a cyan ugly thing
  9200 | D:8      | Shot with an arrow by a centaur warrior

Illustrated notes

Levels and vault maps discovered:
D:1:      minmay_arrival_three_doors, layout_rooms,
          dreamdust_ecumenical_altar_drowned_temple, minivault_11,
          minmay_crystal_water, supply_closet_lemuel, minmay_lizard_pond
D:2:      minmay_thinvault, layout_basic, serial_shops,
          nicolae_shop_overgrown_old_shop, shop, shop, nicolae_square_shop,
          nicolae_square_shop, uniq_jessica
D:3:      layout_loops_ring, nicolae_tso_swordbearing_angel,
          kennysheep_generic_room_10, uniq_grinder, uniq_ijyb
D:4:      layout_basic, okawaru_trees_2, minmay_temple_entry_large_hall,
          minmay_misc_feat_rows
D:5:      layout_basic, st_stairs_2, minmay_fractal_squares_gapless_5,
          uniq_pikel
D:6:      layout_loops_ring, nicolae_overflow_quartered_altars,
          vehumet_crystals, old_standard_altar
D:7:      layout_cave_pools, chequers_ossuary_entry_cave, minmay_three_doors,
          uniq_prince_ribbit1
D:8:      minmay_the_grid_four_pointed_star
          [minmay_the_grid_triangle_9x9_intruding_spiral,
          minmay_the_grid_triangle_9x9_flanged_cone,
          minmay_the_grid_triangle_9x9_thin_v,
          minmay_the_grid_triangle_9x9_longest,
          minmay_the_grid_prize_shrinking_boxes], layout_loops_ring,
          grunt_decor_one_mirror
D:9:      layout_layer_cave, zin_academy, lair_entry_dummy
Temple:   compressed_dpeg_circular_temple

Skill      XL: |  1  2  3  4  5  6  7  8  9 10 |
---------------+-------------------------------+-----
Invocations    | 1 2 3 4 5 6 |  6.1
Short Blades   | 1 2 3 4 5 |  5.5
Long Blades    | 1 2 3 4 5 |  5.5
Maces & Flails | 1 2 3 4 5 |  5.5
Polearms       | 1 2 3 4 5 |  5.5
Staves         | 1 2 3 4 5 |  5.5
Slings         | 1 2 3 4 5 |  5.5
Bows           | 1 2 3 4 5 |  5.5
Crossbows      | 1 2 3 4 5 |  5.5
Throwing       | 1 2 3 4 5 |  5.5
Dodging        | 1 2 3 4 5 |  5.5
Stealth        | 1 2 3 4 5 |  5.5
Unarmed Combat | 1 2 3 4 5 |  5.5
Spellcasting   | 1 2 3 4 5 |  5.5
Evocations     | 1 2 3 4 5 |  5.5
Conjurations   | 1 2 3 4 |  4.6
Hexes          | 1 2 3 4 |  4.6
Summonings     | 1 2 3 4 |  4.6
Necromancy     | 1 2 3 4 |  4.6
Translocations | 1 2 3 4 |  4.6
Transmutations | 1 2 3 4 |  4.6
Fire Magic     | 1 2 3 4 |  4.6
Ice Magic      | 1 2 3 4 |  4.6
Air Magic      | 1 2 3 4 |  4.6
Earth Magic    | 1 2 3 4 |  4.6
Poison Magic   | 1 2 3 4 |  4.6
Axes           | 5 6 7 |  7.3
Fighting       | 7 8 |  8.7
Armour         | 7 8 |  8.7
Shields        | 7 8 |  8.7

Action                   |  1- 3 |  4- 6 |  7- 9 | 10-12 || total
-------------------------+-------+-------+-------+-------++-------
Melee: War axe           |    96 |   136 |   340 |    86 ||   658
       Bite              |     8 |    17 |    43 |    10 ||    78
       Unarmed           |       |     7 |       |       ||     7
Throw: Dart              |     2 |    10 |     7 |     5 ||    24
Evoke: Wand              |       |       |     4 |    10 ||    14
  Use: Scroll            |     2 |    13 |     3 |     2 ||    20
       Potion            |     1 |     5 |     5 |     2 ||    13
Armor: Scale mail        |    31 |       |       |       ||    31
       Chain mail        |    19 |    85 |   200 |    66 ||   370
       Skin              |    12 |     2 |     9 |       ||    23
Dodge: Dodged            |    27 |    35 |    90 |    35 ||   187
Block: Kite shield       |    47 |    65 |   219 |    78 ||   409

Table legend: (Time is in decaauts)
 A = Elapsed time spent in this place.
 B = Non-inter-level travel time spent in this place.
 C = Inter-level travel time spent in this place.
 D = Time resting spent in this place.
 E = Time spent auto-exploring this place.
 F = Levels seen in this place.
 G = Mean time per level.
                   A        B        C        D        E       F      G
               +--------+--------+--------+--------+--------+-----+--------+
         Total |   9438 |   9155 |    283 |   1546 |   5840 |  10 |  943.8 |
       Dungeon |   9357 |   9082 |    275 |   1546 |   5775 |   9 | 1039.7 |
        Temple |     80 |     72 |      8 |      0 |     65 |   1 |   80.0 |
               +--------+--------+--------+--------+--------+-----+--------+

Top non-repeatable levels by time:
     D:5: 1910 daAuts
     D:8: 1461 daAuts
     D:2: 1270 daAuts
     D:3: 1223 daAuts
     D:4: 1091 daAuts
     D:6: 931 daAuts
     D:1: 928 daAuts
     D:7: 512 daAuts
  Temple: 80 daAuts
     D:9: 27 daAuts
